 Dungeon Crawl Stone Soup version 0.20.0-15-g7f486f2 (webtiles) character file.

84 ANON1729 the Conjurer (level 4, -2/24 HPs)
             Began as a Tengu Conjurer on June 26, 2017.
             Slain by an iguana (7 damage)
             ... on level 4 of the Dungeon.
             The game lasted 00:11:44 (2336 turns).

ANON1729 the Conjurer (Tengu Conjurer)              Turns: 2336, Time: 00:11:45

Health: -2/24      AC:  3    Str:  8    XL:     4   Next: 45%
Magic:  4/9        EV: 12    Int: 17    God:
Gold:   153        SH:  0    Dex: 14    Spells: 5/8 levels left

rFire    . . .     SeeInvis .   t - staff of conjuration
rCold    . . .     Gourm    .   (no shield)
rNeg     + . .     Faith    .   a - +0 robe
rPois    .         Spirit   .   (helmet restricted)
rElec    .         Reflect  .   r - +0 cloak
rCorr    +         Harm     .   (no gloves)
MR       .....                  (boots unavailable)
Stlth    ++........             (no amulet)
Regen    0.1/turn               v - ring of positive energy
MPRegen  0.2/turn               q - ring of resist corrosion

@: no status effects
A: beak, talons 3
a: no special abilities


You were on level 4 of the Dungeon.
You were hungry.

You visited 1 branch of the dungeon, and saw 4 of its levels.

You collected 153 gold pieces.

Inventory:

Armour
 a - a +0 robe (worn)
 r - a +0 cloak (worn)
Magical Staves
 t - an uncursed staff of conjuration (weapon)
Jewellery
 i - an uncursed ring of flight
 q - a ring of resist corrosion (right hand)
 v - a ring of positive energy (left hand)
Scrolls
 e - a scroll of enchant weapon {unknown}
 f - a scroll of teleportation {unknown}
 h - 2 scrolls of identify {unknown}
 j - 3 scrolls of random uselessness {unknown}
 l - a scroll of magic mapping {unknown}
 p - a scroll of enchant armour {unknown}
 w - 3 scrolls of remove curse {unknown}
 x - 2 scrolls of amnesia {unknown}
 y - a scroll of blinking {unknown}
Potions
 d - a potion of flight {unknown}
 m - a potion of heal wounds {unknown}
 n - 3 potions of curing {unknown}
 s - a potion of mutation {unknown}
 u - a potion of agility {unknown}
Books
 b - a book of Conjurations

   Spells                             Type                      Level
   a - Magic Dart                     Conjuration                  1
   b - Searing Ray                    Conjuration                  2
   c - Dazzling Spray                 Conjuration/Hexes            3
   d - Fulminant Prism                Conjuration/Hexes            4
   e - Force Lance                    Conjuration/Translocation    4
   f - Iskenderun's Mystic Blast      Conjuration                  4
Comestibles
 c - a bread ration
 k - 2 meat rations
 o - a royal jelly


   Skills:
 - Level 2.1 Dodging
 - Level 2.0 Stealth
 + Level 2.7 Spellcasting
 + Level 7.0 Conjurations


You had 5 spell levels left.
You knew the following spells:

 Your Spells              Type           Power        Failure   Level  Hunger
a - Magic Dart            Conj           ####         1%          1    #......
b - Searing Ray           Conj           #####.       1%          2    ##.....


Dungeon Overview and Level Annotations

Branches:
Dungeon (4/15)
 Temple: D:4-7

Altars:
Dithmenos

Annotations:
D:3 Purgy


Innate Abilities, Weirdness & Mutations

You have a beak for a mouth.
You have claws for feet.


Message History

Aim: an iguana (heavily wounded)
You feel a surge of power!
The searing ray hits the iguana.
The iguana is heavily wounded. (Press . to maintain the ray.)
The iguana closely misses you.
The searing ray hits the iguana.
The iguana is almost dead.
The iguana bites you.
You hit the iguana but do no damage. You peck the iguana, but do no damage.
The iguana is severely wounded.
The iguana bites you!
Ouch! That really hurt!
The iguana completely misses you.
All of the chunks of flesh in your inventory have rotted away.
The iguana hisses menacingly.
Found a scroll labeled UFIZEU UCAGGEP.
The iguana bites you.
* * * LOW HITPOINT WARNING * * *
The iguana bites you!
You die...

#(.....#...............#
#......#...............#
..#.#..................#
###.#..................#
###.#..................#
..................######
..................#
................l.+
........####....@.#
........# #......#
........# #....?.#
........# ###....#
........# .....#
......### ......#
####### .......#
#......##


You could see an iguana.

Vanquished Creatures
  An adder (D:2)
  3 dart slugs
  4 leopard geckos
  An orc (D:3)
  3 giant cockroaches (D:1)
  9 goblins
  7 hobgoblins
  4 jackals (D:2)
  2 quokkas (D:2)
  7 bats
  5 frilled lizards
  4 kobolds
  9 rats
59 creatures vanquished.

Notes
Turn   | Place    | Note
-------+----------+-------------------------------------------
     0 | D:1      | ANON1729 the Tengu Conjurer began the quest for the Orb.
     0 | D:1      | Reached XP level 1. HP: 10/10 MP: 4/4
   102 | D:1      | Reached XP level 2. HP: 15/15 MP: 3/6
   111 | D:1      | Learned a level 2 spell: Searing Ray
   326 | D:1      | Reached skill level 6 in Conjurations
   739 | D:1      | Reached XP level 3. HP: 19/19 MP: 1/7
  1464 | D:2      | Found a shadowy altar of Dithmenos.
  1633 | D:2      | Reached XP level 4. HP: 24/24 MP: 4/8
  2035 | D:3      | Reached skill level 7 in Conjurations
  2250 | D:3      | Noticed Purgy
  2336 | D:4      | Slain by an iguana

Skill      XL: |  1  2  3  4 |
---------------+-------------+-----
Conjurations   | 6 7 |  7.0
Dodging        | |  2.1
Stealth        | |  2.0
Spellcasting   | |  2.7

Action                   |  1- 3 |  4- 6 || total
-------------------------+-------+-------++-------
Melee: Unarmed           |     5 |     1 ||     6
       Kick              |     1 |       ||     1
       Peck              |       |     2 ||     2
       Staff             |       |     1 ||     1
 Cast: Magic Dart        |    79 |    33 ||   112
       Searing Ray       |       |     1 ||     1
  Eat: Chunk             |     3 |     2 ||     5
Armor: Robe              |     2 |     1 ||     3
Dodge: Dodged            |     4 |     2 ||     6
